[Event "WSTCC-65 2020"]
[Site "Prague"]
[Date "2020.03.06"]
[Round "1.39"]
[White "Salov, Sergej"]
[Black "Bevan, Peter M"]
[Result "1-0"]
[ECO "B17"]
[WhiteElo "2135"]
[BlackElo "1901"]
[Annotator "ChessBase"]
[PlyCount "57"]
[EventDate "2020.03.06"]
[EventType "team-tourn"]
[EventCountry "CZE"]
[SourceTitle "playchess.com"]
[Source "ChessBase"]
[SourceQuality "1"]
[TimeControl "40/5400+30:1800+30"]

1. e4 d5 2. exd5 Qxd5 3. Nc3 Qd8 4. d4 c6 5. Ne4 Nd7 6. Bc4 Ngf6 7. Ng5 e6 8. Qe2 Nb6 9. Bd3 Be7 10. N1f3 O-O 11. c3 Qc7 12. Ne5 Nbd5 13. O-O c5 14. dxc5 Bxc5 15. a3 h6 16. Ngf3 b6 17. c4 Ne7 18. b4 Bd6 19. Bb2 Bb7 20. Rac1 Bxf3 21. Nxf3 Bf4 22. Rc2 Rad8 23. g3 Bd6 24. Nd4 a6 25. c5 bxc5 26. bxc5 Be5 27. Nxe6 fxe6 28. Bxe5 Qa5 29. Bd6 1-0

[Event "WSTCC-65 2020"]
[Site "Prague"]
[Date "2020.03.06"]
[Round "1.40"]
[White "Harle, Bill"]
[Black "Gruzmann, Boris"]
[Result "0-1"]
[ECO "A53"]
[WhiteElo "1746"]
[BlackElo "2206"]
[Annotator "ChessBase"]
[PlyCount "44"]
[EventDate "2020.03.06"]
[EventType "team-tourn"]
[EventCountry "CZE"]
[SourceTitle "playchess.com"]
[Source "ChessBase"]
[SourceQuality "1"]
[TimeControl "40/5400+30:1800+30"]

1. d4 Nf6 2. c4 d6 3. Nc3 Bf5 4. Nf3 h6 5. g3 Ne4 6. Nd2 Nxc3 7. bxc3 c5 8. e4 Bd7 9. Bg2 Nc6 10. d5 Ne5 11. O-O Qa5 12. f4 Qxc3 13. Rb1 Nxc4 14. Nb3 b5 15. Rf2 h5 16. Bf3 h4 17. Rc2 Qf6 18. g4 g5 19. f5 Bg7 20. Be2 Nb6 21. Qd2 Na4 22. Bb2 Nxb2 0-1

[Event "WSTCC-65 2020"]
[Site "Prague"]
[Date "2020.03.06"]
[Round "1.44"]
[White "Hammar, Bengt"]
[Black "Andersson, Erik"]
[Result "1-0"]
[ECO "B14"]
[WhiteElo "2142"]
[BlackElo "1607"]
[Annotator "ChessBase"]
[PlyCount "57"]
[EventDate "2020.03.06"]
[EventType "team-tourn"]
[EventCountry "CZE"]
[SourceTitle "playchess.com"]
[Source "ChessBase"]
[SourceQuality "1"]
[TimeControl "40/5400+30:1800+30"]

1. e4 c6 2. d4 d5 3. exd5 cxd5 4. c4 Nf6 5. Nc3 e6 6. Nf3 Be7 7. Bd3 dxc4 8. Bxc4 O-O 9. O-O a6 10. a4 Qc7 11. Qe2 h6 12. Ne5 Nc6 13. Rd1 Bd6 14. f4 Nb4 15. Bb3 Nbd5 16. Nxd5 exd5 17. Qd3 Re8 18. Be3 g6 19. Rac1 Qe7 20. Bf2 Bf5 21. Qf3 Be4 22. Qh3 Kg7 23. Bh4 Bf5 24. Qf3 Be4 25. Qf2 Qe6 26. h3 h5 27. Rc3 Ng8 28. Re3 Ne7 29. Rxe4 1-0

[Event "WSTCC-65 2020"]
[Site "Prague"]
[Date "2020.03.06"]
[Round "1.45"]
[White "Ackermann, Hans Werner"]
[Black "Galandauer, Jan"]
[Result "1-0"]
[ECO "A06"]
[WhiteElo "2242"]
[BlackElo "1949"]
[Annotator "ChessBase"]
[PlyCount "97"]
[EventDate "2020.03.06"]
[EventType "team-tourn"]
[EventCountry "CZE"]
[SourceTitle "playchess.com"]
[Source "ChessBase"]
[SourceQuality "1"]
[TimeControl "40/5400+30:1800+30"]

1. Nf3 d5 2. b3 Nc6 3. Bb2 Bg4 4. e3 Nf6 5. d4 e6 6. a3 Bd6 7. c4 O-O 8. Nc3 dxc4 9. bxc4 e5 10. d5 Ne7 11. h3 Bh5 12. g4 Bg6 13. Nd2 c6 14. h4 h5 15. g5 Ng4 16. Be2 f5 17. Bxg4 fxg4 18. Nde4 cxd5 19. cxd5 Bxe4 20. Nxe4 Nf5 21. Qb3 Qa5+ 22. Bc3 Qc7 23. Rb1 b6 24. Nxd6 Qxd6 25. Bb4 Qd7 26. Bxf8 Rxf8 27. Rb2 g3 28. f3 Rc8 29. Rc2 Rxc2 30. Qxc2 Nxe3 31. Qc6 Qf7 32. Qe6 Nxd5 33. Qxf7+ Kxf7 34. Rg1 Ne3 35. Rxg3 Nc2+ 36. Ke2 b5 37. f4 exf4 38. Rd3 Ke6 39. Rd8 Nxa3 40. Kf3 a5 41. Kxf4 Nc4 42. Rg8 b4 43. Rxg7 b3 44. Rb7 a4 45. g6 Nd6 46. Rb6 b2 47. Rxb2 Ne8 48. Rb6+ Ke7 49. Ra6 1-0

[Event "WSTCC-65 2020"]
[Site "Prague"]
[Date "2020.03.06"]
[Round "1.46"]
[White "Fiser, Jiri"]
[Black "Baum, Bernd"]
[Result "0-1"]
[ECO "B30"]
[WhiteElo "2134"]
[BlackElo "2249"]
[Annotator "ChessBase"]
[PlyCount "100"]
[EventDate "2020.03.06"]
[EventType "team-tourn"]
[EventCountry "CZE"]
[SourceTitle "playchess.com"]
[Source "ChessBase"]
[SourceQuality "1"]
[TimeControl "40/5400+30:1800+30"]

1. e4 c5 2. Nf3 Nc6 3. Bb5 d6 4. O-O Bd7 5. c3 a6 6. Ba4 Nf6 7. Re1 e5 8. d4 b5 9. Bc2 Bg4 10. dxc5 dxc5 11. Bg5 Be7 12. Nbd2 O-O 13. h3 Be6 14. Bxf6 Bxf6 15. Nf1 Qxd1 16. Rexd1 Rfd8 17. Ne3 Ne7 18. a3 h5 19. Rxd8+ Rxd8 20. Rd1 Rxd1+ 21. Bxd1 Ng6 22. Be2 Nf4 23. Bf1 Kf8 24. Kh2 c4 25. Ne1 Bc8 26. g3 Ne6 27. h4 Nc5 28. f3 g5 29. N1g2 Bb7 30. Kg1 gxh4 31. gxh4 Bg7 32. Kf2 Bh6 33. Ke1 Na4 34. Kd1 Nxb2+ 35. Kc2 Na4 36. Nf5 Bg7 37. Ng3 Bf6 38. Nxh5 Be7 39. Ng3 Bxa3 40. Ne3 Bc5 41. Ngf5 Bxe3 42. Nxe3 Nc5 43. Ng4 Nd7 44. Ne3 Bc6 45. Bh3 Nf6 46. Bc8 a5 47. Ba6 Ke8 48. Nf5 Kd7 49. Ng7 Kc7 50. h5 Bd7 0-1

[Event "WSTCC-65 2020"]
[Site "Prague"]
[Date "2020.03.06"]
[Round "1.47"]
[White "Kierzek, Matthias"]
[Black "Pavlicek, Petr"]
[Result "1-0"]
[ECO "D85"]
[WhiteElo "2217"]
[BlackElo "1898"]
[Annotator "ChessBase"]
[PlyCount "79"]
[EventDate "2020.03.06"]
[EventType "team-tourn"]
[EventCountry "CZE"]
[SourceTitle "playchess.com"]
[Source "ChessBase"]
[SourceQuality "1"]
[TimeControl "40/5400+30:1800+30"]

1. d4 Nf6 2. c4 g6 3. Nc3 d5 4. cxd5 Nxd5 5. Bd2 Bg7 6. e4 Nb6 7. Be3 O-O 8. Be2 Nc6 9. Nf3 Bg4 10. d5 Na5 11. Bd4 Bxf3 12. gxf3 e5 13. Bc5 Nac4 14. Bxf8 Bxf8 15. Qb3 Nd6 16. h4 h5 17. O-O-O Bh6+ 18. Kb1 a6 19. Rdg1 Kh7 20. Nd1 Nd7 21. Ne3 b5 22. Rc1 Ra7 23. Rc6 Bf4 24. Qc2 Nb8 25. Rc3 Nd7 26. Rc1 Ne8 27. Rh1 Nd6 28. Qd3 Qb8 29. Rc6 Nb6 30. Ng2 Nbc4 31. Nxf4 exf4 32. Qd4 Qh8 33. Qxh8+ Kxh8 34. Rc1 Nd2+ 35. Ka1 N6c4 36. b3 Ne5 37. Rxc7 Ra8 38. Re7 Ndxf3 39. Bxf3 Nxf3 40. d6 1-0

[Event "WSTCC-65 2020"]
[Site "Prague"]
[Date "2020.03.06"]
[Round "1.48"]
[White "Slechta, Karel"]
[Black "Herbrechtsmeier, Christof"]
[Result "0-1"]
[ECO "B06"]
[WhiteElo "1860"]
[BlackElo "2177"]
[Annotator "ChessBase"]
[PlyCount "58"]
[EventDate "2020.03.06"]
[EventType "team-tourn"]
[EventCountry "CZE"]
[SourceTitle "playchess.com"]
[Source "ChessBase"]
[SourceQuality "1"]
[TimeControl "40/5400+30:1800+30"]

1. e4 g6 2. d4 Bg7 3. Bc4 d5 4. exd5 Nf6 5. Nc3 Nbd7 6. Nf3 Nb6 7. Bb3 Nbxd5 8. Nxd5 Nxd5 9. O-O O-O 10. Re1 c6 11. c3 Qd6 12. Bg5 Be6 13. Qd2 f6 14. Bh6 Bf7 15. Bxg7 Kxg7 16. Rad1 b5 17. Re4 Rae8 18. Bc2 Rh8 19. g3 g5 20. Rde1 h6 21. Bb3 Qd7 22. Kg2 Bg6 23. Re6 Bf5 24. Bxd5 cxd5 25. R6e3 h5 26. Ng1 h4 27. Qe2 Kf8 28. gxh4 gxh4 29. Nh3 Rg8+ 0-1

[Event "WSTCC-65 2020"]
[Site "Prague"]
[Date "2020.03.07"]
[Round "2.6"]
[White "Piza Volio, Eduardo"]
[Black "Maryasin, Boris"]
[Result "0-1"]
[ECO "A05"]
[WhiteElo "2255"]
[BlackElo "2305"]
[Annotator "RC"]
[PlyCount "28"]
[EventDate "2020.03.06"]
[EventType "team-tourn"]
[EventCountry "CZE"]
[SourceTitle "playchess.com"]
[Source "ChessBase"]
[SourceQuality "1"]
[TimeControl "40/5400+30:1800+30"]

1. Nf3 Nf6 2. b3 d6 3. Bb2 e5 4. c4 e4 5. Nd4 d5 6. cxd5 Qxd5 7. Nc2 Nc6 8. Nc3 Qh5 9. e3 Bg4 10. Be2 Ne5 11. O-O Nf3+ 12. gxf3 exf3 13. Bb5+ c6 14. Ba3 Bxa3 0-1

[Event "WSTCC-65 2020"]
[Site "Prague"]
[Date "2020.03.07"]
[Round "2.24"]
[White "Buchal, Stephan"]
[Black "Walther, Hans-Wolfgang"]
[Result "1-0"]
[ECO "A15"]
[WhiteElo "2276"]
[BlackElo "2111"]
[Annotator "ChessBase"]
[PlyCount "104"]
[EventDate "2020.03.06"]
[EventType "team-tourn"]
[EventCountry "CZE"]
[SourceTitle "playchess.com"]
[Source "ChessBase"]
[SourceQuality "1"]
[TimeControl "40/5400+30:1800+30"]

1. c4 Nf6 2. g3 d5 3. cxd5 Nxd5 4. Bg2 c5 5. Nc3 Nxc3 6. bxc3 e5 7. Rb1 Qc7 8. Nf3 Nc6 9. O-O Bd6 10. d4 O-O 11. d5 Nd8 12. e4 f6 13. c4 Nf7 14. Ne1 Bd7 15. Nd3 g6 16. Bb2 Rab8 17. Qd2 b6 18. f4 Rbe8 19. Rbe1 a6 20. Kh1 b5 21. Rc1 b4 22. Rf2 a5 23. Rcf1 Kg7 24. Qc1 Bc8 25. h4 h5 26. Qd1 Bg4 27. Bf3 Nh6 28. fxe5 fxe5 29. Bc1 Bxf3+ 30. Rxf3 Ng4 31. Rxf8 Rxf8 32. Rxf8 Bxf8 33. Qa4 Bd6 34. Bg5 Kf7 35. Kg2 Be7 36. Bd2 Nf6 37. Nf2 Nd7 38. Nh3 Bd8 39. Qb5 Be7 40. Bg5 Bf8 41. Ng1 Bd6 42. Nf3 Ke8 43. Qa6 Nb8 44. Qb5+ Nd7 45. Kf2 Qb6 46. Qa4 Qc7 47. Ke2 Kf7 48. Be3 Be7 49. Qxd7 Qxd7 50. Nxe5+ Ke8 51. Nxd7 Kxd7 52. e5 a4 1-0

[Event "WSTCC-65 2020"]
[Site "Prague"]
[Date "2020.03.07"]
[Round "2.34"]
[White "Carlsson, Ingvar"]
[Black "Renman, Nils-Gustaf"]
[Result "1/2-1/2"]
[ECO "C11"]
[WhiteElo "2038"]
[BlackElo "2307"]
[Annotator "RC"]
[PlyCount "111"]
[EventDate "2020.03.06"]
[EventType "team-tourn"]
[EventCountry "CZE"]
[SourceTitle "playchess.com"]
[Source "ChessBase"]
[SourceQuality "1"]
[TimeControl "40/5400+30:1800+30"]

1. e4 e6 2. d4 d5 3. Nc3 Nf6 4. e5 Nfd7 5. f4 c5 6. Nf3 Nc6 7. Be3 a6 8. Qd2 b5 9. dxc5 Bxc5 10. Bxc5 Nxc5 11. Nd4 Bb7 12. Qf2 Qb6 13. Nb3 Nd7 14. Qxb6 Nxb6 15. Nc5 O-O-O 16. O-O-O Nd7 17. Nxd7 Rxd7 18. a3 g5 19. fxg5 Nxe5 20. Re1 Nc4 21. Bd3 Kc7 22. h4 Kd6 23. Rhf1 Ne5 24. Rf6 Rc7 25. Kb1 Ng4 26. Rf4 h5 27. gxh6 f5 28. a4 bxa4 29. Rxa4 Rc6 30. Rb4 Bc8 31. Na4 Rxh6 32. c4 dxc4 33. Bxc4 a5 34. Rb6 Rxh4 35. Rxc6+ Kxc6 36. Bxe6 Bxe6 37. Rxe6+ Kd5 38. Re2 f4 39. Kc2 Kd4 40. Rd2+ Ke5 41. Kd3 Ne3 42. g3 fxg3 43. Kxe3 Rxa4 44. Kf3 Rd4 45. Re2+ Kd5 46. Kxg3 Kc4 47. Kf3 Kb3 48. Ke3 Rd1 49. Rh2 a4 50. Rf2 Rb1 51. Kd3 Rxb2 52. Rf8 a3 53. Ra8 Ka2 54. Kc3 Rb7 55. Kc2 Rc7+ 56. Kd2 1/2-1/2

[Event "WSTCC-65 2020"]
[Site "Prague"]
[Date "2020.03.07"]
[Round "2.45"]
[White "Huss, Andreas"]
[Black "Stebbings, Anthony J"]
[Result "1/2-1/2"]
[ECO "E11"]
[WhiteElo "2253"]
[BlackElo "2313"]
[Annotator "RC"]
[PlyCount "35"]
[EventDate "2020.03.06"]
[EventType "team-tourn"]
[EventCountry "CZE"]
[SourceTitle "playchess.com"]
[Source "ChessBase"]
[SourceQuality "1"]
[TimeControl "40/5400+30:1800+30"]

1. d4 Nf6 2. Nf3 e6 3. c4 Bb4+ 4. Nbd2 a5 5. e3 O-O 6. Bd3 d5 7. O-O b6 8. Qc2 Bb7 9. a3 Be7 10. e4 dxe4 11. Nxe4 Nbd7 12. Rd1 Nxe4 13. Bxe4 Bxe4 14. Qxe4 Nf6 15. Qe2 Qc8 16. Bf4 Re8 17. Qc2 Qb7 18. Be5 1/2-1/2

[Event "WSTCC-65 2020"]
[Site "Prague"]
[Date "2020.03.07"]
[Round "2.46"]
[White "Page, Mark E"]
[Black "Hohler, Peter"]
[Result "1/2-1/2"]
[ECO "C77"]
[WhiteElo "2135"]
[BlackElo "2057"]
[Annotator "ChessBase"]
[PlyCount "115"]
[EventDate "2020.03.06"]
[EventType "team-tourn"]
[EventCountry "CZE"]
[SourceTitle "playchess.com"]
[Source "ChessBase"]
[SourceQuality "1"]
[TimeControl "40/5400+30:1800+30"]

1. e4 e5 2. Nf3 Nc6 3. Bb5 a6 4. Ba4 Nf6 5. d4 exd4 6. O-O Be7 7. Re1 b5 8. Bb3 d6 9. Bd5 Bb7 10. Bxc6+ Bxc6 11. Nxd4 Bd7 12. Nc3 O-O 13. Nf5 Bxf5 14. exf5 d5 15. Bg5 c6 16. a4 b4 17. Ne2 Re8 18. Ng3 h6 19. Bh4 Ne4 20. Bxe7 Rxe7 21. Nxe4 Rxe4 22. Rxe4 dxe4 23. Qg4 Qe7 24. h3 Re8 25. Re1 c5 26. Qf4 Qf6 27. b3 Qd4 28. Kh2 Kf8 29. Re3 Qd5 30. g4 f6 31. Re2 Qb7 32. Qd6+ Qe7 33. Qxe7+ Rxe7 34. Kg3 Kf7 35. Kf4 Rd7 36. Kxe4 Re7+ 37. Kd3 Rxe2 38. Kxe2 Ke7 39. Ke3 Kd6 40. Ke4 Kc6 41. f4 Kd6 42. Kd3 Kd5 43. c3 bxc3 44. Kxc3 Kd6 45. Kc4 Kc6 46. b4 cxb4 47. Kxb4 Kb6 48. h4 Kc6 49. Kc4 Kd6 50. Kb4 Kc6 51. Ka5 Kb7 52. g5 h5 53. Kb4 Kb6 54. Ka3 Kc5 55. Kb3 a5 56. Kc3 Kd5 57. Kd3 Kc5 58. Kc3 1/2-1/2

[Event "WSTCC-65 2020"]
[Site "Prague"]
[Date "2020.03.08"]
[Round "3.1"]
[White "Ackermann, Hans Werner"]
[Black "Birnboim, Nathan"]
[Result "0-1"]
[ECO "B08"]
[WhiteElo "2242"]
[BlackElo "2369"]
[Annotator "RC"]
[PlyCount "118"]
[EventDate "2020.03.06"]
[EventType "team-tourn"]
[EventCountry "CZE"]
[SourceTitle "playchess.com"]
[Source "ChessBase"]
[SourceQuality "1"]
[TimeControl "40/5400+30:1800+30"]

1. Nf3 g6 2. e4 Bg7 3. d4 d6 4. Nc3 Nf6 5. Be3 O-O 6. Qd2 Bg4 7. Be2 e5 8. dxe5 dxe5 9. Qxd8 Rxd8 10. Bg5 Nbd7 11. Nd2 Bxe2 12. Nxe2 Nc5 13. f3 Ne6 14. Be3 Nd7 15. Nb3 Bf8 16. O-O-O Nb6 17. Bxb6 axb6 18. Rxd8 Rxd8 19. c3 h5 20. Kc2 Bh6 21. Rd1 Rxd1 22. Kxd1 h4 23. h3 f5 24. Kc2 Kf7 25. Kd3 Ke7 26. a4 Kd6 27. Kc4 c6 28. Kd3 Ke7 29. Kc4 Kf6 30. Kd3 Bf8 31. Ke3 Bc5+ 32. Kd3 Bf2 33. exf5 gxf5 34. a5 Kg5 35. axb6 Bxb6 36. Nd2 Nf4+ 37. Nxf4 Kxf4 38. Nf1 e4+ 39. fxe4 fxe4+ 40. Ke2 Bd8 41. Kf2 b5 42. Ke2 Bg5 43. b3 Bf6 44. Kd2 Bd8 45. Kc2 Ke5 46. Kd1 Bg5 47. g3 hxg3 48. Nxg3 Kf4 49. Ne2+ Kf3 50. Nd4+ Kf2 51. c4 Bf6 52. Ne6 b4 53. Nc5 Ke3 54. Kc2 Kf3 55. Kd1 e3 56. Nd3 e2+ 57. Kc2 Bc3 58. h4 Kg4 59. h5 Kg5 0-1

[Event "WSTCC-65 2020"]
[Site "Prague"]
[Date "2020.03.08"]
[Round "3.40"]
[White "Schrickx, Frank"]
[Black "Nespor, Ivan"]
[Result "1-0"]
[ECO "B07"]
[WhiteElo "1826"]
[BlackElo "1707"]
[Annotator "NA RC"]
[PlyCount "69"]
[EventDate "2020.03.06"]
[EventType "team-tourn"]
[EventCountry "CZE"]
[SourceTitle "playchess.com"]
[Source "ChessBase"]
[SourceQuality "1"]
[TimeControl "40/5400+30:1800+30"]

1. e4 d6 2. d4 Nf6 3. Nc3 g6 4. Be2 Bg7 5. f4 O-O 6. Bf3 c6 7. Nge2 a5 8. Be3 Ng4 9. Bg1 f5 10. h3 Nh6 11. e5 d5 12. Na4 b5 13. Nc5 Na6 14. c3 e6 15. Bf2 Rf7 16. O-O Bf8 17. Nxa6 Bxa6 18. Kh1 Rb7 19. Qc2 Rc8 20. Rfc1 Rg7 21. Rg1 Qb6 22. a3 c5 23. dxc5 Bxc5 24. Bxc5 Qxc5 25. Qd2 a4 26. Nd4 Re7 27. Be2 Kh8 28. Rae1 Rb8 29. Bd3 Bc8 30. Qe2 Bd7 31. Qf2 Rg8 32. Qh4 Nf7 33. g4 g5 34. fxg5 Rxg5 35. gxf5 1-0

[Event "WSTCC-65 2020"]
[Site "Prague"]
[Date "2020.03.09"]
[Round "4.4"]
[White "Buchal, Stephan"]
[Black "Mozny, Milos"]
[Result "1/2-1/2"]
[ECO "A20"]
[WhiteElo "2276"]
[BlackElo "2261"]
[Annotator "ChessBase"]
[PlyCount "48"]
[EventDate "2020.03.06"]
[EventType "team-tourn"]
[EventCountry "CZE"]
[SourceTitle "playchess.com"]
[Source "ChessBase"]
[SourceQuality "1"]
[TimeControl "40/5400+30:1800+30"]

1. c4 e5 2. g3 Nf6 3. Bg2 d5 4. cxd5 Nxd5 5. Nf3 Nc6 6. O-O Be7 7. d4 exd4 8. Nxd4 Nxd4 9. Qxd4 Nf6 10. Qa4+ c6 11. Rd1 Qb6 12. Be3 Bc5 13. Bxc5 Qxc5 14. b4 Qb6 15. Nc3 O-O 16. b5 Bd7 17. bxc6 Bxc6 18. Bxc6 Qxc6 19. Qxc6 bxc6 20. Rd6 Rac8 21. Rb1 Rc7 22. e4 Nd7 23. f4 f6 24. Kf2 Kf7 1/2-1/2

[Event "WSTCC-65 2020"]
[Site "Prague"]
[Date "2020.03.09"]
[Round "4.10"]
[White "Brock, Friedemann"]
[Black "Maryasin, Boris"]
[Result "1/2-1/2"]
[ECO "D37"]
[WhiteElo "2230"]
[BlackElo "2305"]
[Annotator "ChessBase"]
[PlyCount "58"]
[EventDate "2020.03.06"]
[EventType "team-tourn"]
[EventCountry "CZE"]
[SourceTitle "playchess.com"]
[Source "ChessBase"]
[SourceQuality "1"]
[TimeControl "40/5400+30:1800+30"]

1. d4 Nf6 2. c4 e6 3. Nf3 d5 4. Nc3 dxc4 5. e4 b5 6. e5 Nd5 7. Nxb5 Nb6 8. Be2 Be7 9. O-O O-O 10. Be3 Nc6 11. Rc1 Ba6 12. Nc3 Nb4 13. Ne1 Rb8 14. a3 N4d5 15. Ne4 Nxe3 16. fxe3 Nd5 17. Qd2 Rb3 18. Rf3 Bg5 19. Nxg5 Qxg5 20. Bxc4 Bxc4 21. Rxc4 Rfb8 22. Nd3 h5 23. Rc2 c5 24. Nxc5 Rxe3 25. Rxe3 Qxe3+ 26. Qxe3 Nxe3 27. Re2 Nc4 28. Nd3 Rd8 29. Re4 Rb8 1/2-1/2

[Event "WSTCC-65 2020"]
[Site "Prague"]
[Date "2020.03.09"]
[Round "4.11"]
[White "Shevelev, Arkady"]
[Black "Schoeneberg, Manfred"]
[Result "1/2-1/2"]
[ECO "B83"]
[WhiteElo "2278"]
[BlackElo "2144"]
[Annotator "ChessBase"]
[PlyCount "80"]
[EventDate "2020.03.06"]
[EventType "team-tourn"]
[EventCountry "CZE"]
[SourceTitle "playchess.com"]
[Source "ChessBase"]
[SourceQuality "1"]
[TimeControl "40/5400+30:1800+30"]

1. e4 c5 2. Nf3 e6 3. d4 cxd4 4. Nxd4 Nf6 5. Nc3 d6 6. Be2 Be7 7. O-O O-O 8. Be3 a6 9. a4 Nc6 10. Nb3 b6 11. f4 Bb7 12. Bf3 Qc7 13. Qe2 Nd7 14. Qf2 Rac8 15. Rad1 Nc5 16. Nd4 Nxd4 17. Bxd4 e5 18. Be3 exf4 19. Bxf4 Rcd8 20. Qg3 Ne6 21. Be3 Bf6 22. Nd5 Bxd5 23. exd5 Be5 24. Qf2 Nc5 25. b3 f5 26. Kh1 Qe7 27. Qd2 h6 28. Bg1 Qh4 29. Qe1 Qxe1 30. Rdxe1 a5 31. g4 fxg4 32. Bxg4 Rxf1 33. Rxf1 Rf8 34. Rxf8+ Kxf8 35. Kg2 Ke7 36. Bf3 Kf6 37. Bf2 Kf5 38. h3 g5 39. Bg4+ Ke4 40. Bf3+ Kf5 1/2-1/2

[Event "WSTCC-65 2020"]
[Site "Prague"]
[Date "2020.03.09"]
[Round "4.12"]
[White "Heinsohn, Guenther"]
[Black "Afek, Yochanan"]
[Result "1-0"]
[ECO "B23"]
[WhiteElo "2157"]
[BlackElo "2212"]
[Annotator "ChessBase"]
[PlyCount "77"]
[EventDate "2020.03.06"]
[EventType "team-tourn"]
[EventCountry "CZE"]
[SourceTitle "playchess.com"]
[Source "ChessBase"]
[SourceQuality "1"]
[TimeControl "40/5400+30:1800+30"]

1. e4 c5 2. Nc3 g6 3. d4 cxd4 4. Qxd4 Nf6 5. Nf3 Nc6 6. Qa4 d6 7. e5 dxe5 8. Nxe5 Qd4 9. Nxc6 Qxa4 10. Nxa4 bxc6 11. b3 Bf5 12. Ba6 Bg7 13. Bb7 Rd8 14. Bxc6+ Kf8 15. Bb2 Rc8 16. Bf3 Rxc2 17. Rc1 Rxc1+ 18. Bxc1 Ng4 19. Bxg4 Bxg4 20. Be3 a6 21. f3 Bd7 22. Nc5 Bc8 23. Kf2 e5 24. Ne4 f5 25. Rc1 Bd7 26. Rc7 Ke8 27. Nc5 f4 28. Nxd7 fxe3+ 29. Kxe3 Kd8 30. Ra7 Re8 31. Nc5 Bf8 32. Ra8+ Ke7 33. Rxe8+ Kxe8 34. Nxa6 Kd7 35. b4 Kc6 36. a3 Kd5 37. Kd3 g5 38. g4 Bd6 39. Nc5 1-0

[Event "WSTCC-65 2020"]
[Site "Prague"]
[Date "2020.03.09"]
[Round "4.16"]
[White "Dory, Jeno"]
[Black "Vesely, Emanuel"]
[Result "1/2-1/2"]
[ECO "B40"]
[WhiteElo "2170"]
[BlackElo "1779"]
[Annotator "ChessBase"]
[PlyCount "43"]
[EventDate "2020.03.06"]
[EventType "team-tourn"]
[EventCountry "CZE"]
[SourceTitle "playchess.com"]
[Source "ChessBase"]
[SourceQuality "1"]
[TimeControl "40/5400+30:1800+30"]

1. e4 c5 2. Nf3 e6 3. c3 Nf6 4. e5 Nd5 5. d4 cxd4 6. cxd4 Nc6 7. Bc4 Nb6 8. Bb3 d6 9. Bg5 Be7 10. Bxe7 Qxe7 11. Nc3 O-O 12. O-O dxe5 13. dxe5 Rd8 14. Qe2 Bd7 15. a3 Be8 16. Rad1 Rxd1 17. Rxd1 Rd8 18. Re1 Nd4 19. Nxd4 Rxd4 20. Ne4 Bc6 21. Ng3 Qd8 22. Nf1 1/2-1/2

[Event "WSTCC-65 2020"]
[Site "Prague"]
[Date "2020.03.09"]
[Round "4.17"]
[White "Holst, Per"]
[Black "Boidman, Yuri"]
[Result "0-1"]
[ECO "A41"]
[WhiteElo "2152"]
[BlackElo "2335"]
[Annotator "ChessBase"]
[PlyCount "104"]
[EventDate "2020.03.06"]
[EventType "team-tourn"]
[EventCountry "CZE"]
[SourceTitle "playchess.com"]
[Source "ChessBase"]
[SourceQuality "1"]
[TimeControl "40/5400+30:1800+30"]

1. d4 d6 2. c4 e5 3. Nf3 e4 4. Ng5 Nf6 5. g3 h6 6. Nh3 Bf5 7. f4 c6 8. Nf2 d5 9. e3 g5 10. Nc3 gxf4 11. exf4 h5 12. Be2 Be7 13. Be3 Nbd7 14. Qb3 Qb6 15. c5 Qc7 16. O-O-O b6 17. cxb6 axb6 18. h3 Nf8 19. g4 Bc8 20. Rdg1 Bd6 21. f5 Bf4 22. Nfd1 hxg4 23. hxg4 Rxh1 24. Rxh1 Bxe3+ 25. Nxe3 Qf4 26. Ncd1 b5 27. Kb1 N8h7 28. Qb4 Kd7 29. Qe1 Ra4 30. Ng2 Qd6 31. Qc3 Qb4 32. Rh6 Qxc3 33. bxc3 Ke7 34. Nde3 b4 35. Bd1 Ra3 36. Bb3 bxc3 37. Kc2 Ng5 38. Kxc3 Nf3 39. Nf4 Bb7 40. Nh3 c5 41. Kb2 Rxb3+ 42. axb3 cxd4 43. Nd1 Nxg4 44. Rb6 Bc8 45. Nf4 Bxf5 46. Nxd5+ Kf8 47. Rb8+ Kg7 48. Re8 Nf6 49. Nxf6 Kxf6 50. b4 Ne5 51. b5 e3 52. Kc1 Bd7 0-1

[Event "WSTCC-65 2020"]
[Site "Prague"]
[Date "2020.03.09"]
[Round "4.18"]
[White "Khanukov, Boris"]
[Black "Christiansen, Jens Jorgen"]
[Result "1-0"]
[ECO "D45"]
[WhiteElo "2293"]
[BlackElo "2042"]
[Annotator "ChessBase"]
[PlyCount "76"]
[EventDate "2020.03.06"]
[EventType "team-tourn"]
[EventCountry "CZE"]
[SourceTitle "playchess.com"]
[Source "ChessBase"]
[SourceQuality "1"]
[TimeControl "40/5400+30:1800+30"]

1. d4 d5 2. c4 c6 3. Nf3 Nf6 4. Nc3 a6 5. e3 e6 6. Be2 Nbd7 7. O-O dxc4 8. Bxc4 b5 9. Be2 Bb7 10. a3 c5 11. dxc5 Bxc5 12. b4 Be7 13. Bb2 O-O 14. Qd4 Nb6 15. Qf4 Nbd5 16. Nxd5 Bxd5 17. Rfd1 Qb8 18. Ne5 Qb7 19. Qg3 Ne4 20. Qh3 f6 21. Nd3 Ng5 22. Qg3 Ne4 23. Qg4 e5 24. f3 Ng5 25. f4 Be6 26. Qh4 exf4 27. Nxf4 Bb3 28. Re1 Rac8 29. Bd3 Bc2 30. Bf1 Be4 31. Qg4 Bd6 32. h4 h5 33. Nxh5 Bf3 34. gxf3 Nxf3+ 35. Kf2 Rc2+ 36. Re2 Nh2 37. Qg2 Rxe2+ 38. Bxe2 Qf7 1-0

[Event "WSTCC-65 2020"]
[Site "Prague"]
[Date "2020.03.09"]
[Round "4.19"]
[White "Christiansen, Arne"]
[Black "Salov, Sergej"]
[Result "1/2-1/2"]
[ECO "E68"]
[WhiteElo "2016"]
[BlackElo "2135"]
[Annotator "ChessBase"]
[PlyCount "29"]
[EventDate "2020.03.06"]
[EventType "team-tourn"]
[EventCountry "CZE"]
[SourceTitle "playchess.com"]
[Source "ChessBase"]
[SourceQuality "1"]
[TimeControl "40/5400+30:1800+30"]

1. d4 Nf6 2. c4 d6 3. Nf3 g6 4. Nc3 Nbd7 5. g3 Bg7 6. Bg2 O-O 7. O-O e5 8. e4 c6 9. dxe5 dxe5 10. h3 Re8 11. Be3 Qe7 12. Qc2 Nc5 13. Rad1 Nh5 14. b4 Ne6 15. c5 1/2-1/2

[Event "WSTCC-65 2020"]
[Site "Prague"]
[Date "2020.03.09"]
[Round "4.20"]
[White "Gruzmann, Boris"]
[Black "Jorgensen, Brian Jorgen"]
[Result "1/2-1/2"]
[ECO "B12"]
[WhiteElo "2206"]
[BlackElo "2217"]
[Annotator "ChessBase"]
[PlyCount "38"]
[EventDate "2020.03.06"]
[EventType "team-tourn"]
[EventCountry "CZE"]
[SourceTitle "playchess.com"]
[Source "ChessBase"]
[SourceQuality "1"]
[TimeControl "40/5400+30:1800+30"]

1. e4 c6 2. d4 d5 3. e5 Bf5 4. Nd2 e6 5. Nb3 Nd7 6. Nf3 Ne7 7. Be3 Nc8 8. Qd2 Be7 9. Be2 O-O 10. O-O f6 11. c4 dxc4 12. Na5 Qc7 13. Nxc4 Ncb6 14. Qa5 Nd5 15. Qxc7 Nxc7 16. Na5 Nd5 17. exf6 Bxf6 18. Rac1 Rab8 19. Nc4 h6 1/2-1/2

[Event "WSTCC-65 2020"]
[Site "Prague"]
[Date "2020.03.09"]
[Round "4.21"]
[White "Huss, Andreas"]
[Black "Ackermann, Hans Werner"]
[Result "1/2-1/2"]
[ECO "A41"]
[WhiteElo "2253"]
[BlackElo "2242"]
[Annotator "ChessBase"]
[PlyCount "50"]
[EventDate "2020.03.06"]
[EventType "team-tourn"]
[EventCountry "CZE"]
[SourceTitle "playchess.com"]
[Source "ChessBase"]
[SourceQuality "1"]
[TimeControl "40/5400+30:1800+30"]

1. d4 d6 2. e4 g6 3. Nf3 Bg7 4. Bd3 Nf6 5. c3 O-O 6. O-O Nc6 7. Bg5 h6 8. Bh4 e5 9. dxe5 dxe5 10. Qc2 g5 11. Bg3 Nh5 12. Rd1 Qf6 13. Nbd2 Nf4 14. b4 Ne7 15. Nc4 Neg6 16. Ne3 Ne7 17. Bc4 c6 18. Rd2 Neg6 19. Rad1 Qe7 20. Nf5 Qc7 21. Rd6 Kh7 22. Nxg7 Kxg7 23. h4 Bg4 24. hxg5 hxg5 25. Bxf4 gxf4 1/2-1/2